 Dungeon Crawl Stone Soup version 0.29-a0-1043-g569b05d6ff (webtiles) character file.

Game seed: 12074712640380512515

301 ragingrage the Carver (level 6, -8/44 HPs)
             Began as a Merfolk Gladiator on Aug 15, 2022.
             Mangled by an ogre
             ... wielding a +0 giant spiked club
              (28 damage)
             ... on level 4 of the Dungeon.
             The game lasted 00:02:38 (3585 turns).

ragingrage the Carver (Merfolk Gladiator)           Turns: 3585, Time: 00:02:40

Health: -8/44      AC:  5    Str: 14    XL:     6   Next: 37%
Magic:  0/6        EV: 13    Int:  7    God:
Gold:   107        SH:  0    Dex: 18    Spells: 5/5 levels left

rFire   . . .      SeeInvis .   g - +0 dagger (venom)
rCold   . . .      Faith    .   (no shield)
rNeg    . . .      Spirit   +   b - +0 leather armour
rPois   .          Reflect  .   s - +0 helmet
rElec   .          Harm     .   (no cloak)
rCorr   .          Rampage  .   (no gloves)
Will    .....                   y - +0 pair of boots
Stlth   +.........              h - amulet of guardian spirit
HPRegen 0.14/turn               (no ring)
MPRegen 0.10/turn               (no ring)

@: no status effects
A: (nimble swimmer 2), mertail
a: no special abilities


You were on level 4 of the Dungeon.
You visited 1 branch of the dungeon, and saw 4 of its levels.

You collected 107 gold pieces.

Inventory:

Hand Weapons
 a - a +0 long sword
 g - a +0 dagger of venom (weapon)
Missiles
 d - 3 throwing nets (quivered)
 e - a javelin
Armour
 b - a +0 leather armour (worn)
 s - a +0 helmet (worn)
 y - a +0 pair of boots (worn)
Jewellery
 h - an amulet of guardian spirit (around neck)
 p - an amulet of reflection
Wands
 x - a wand of polymorph (11)
Scrolls
 f - a scroll of vulnerability
 j - a scroll of fear
 l - a scroll of blinking {unknown}
 m - 3 scrolls of butterflies {unknown}
 n - 3 scrolls of teleportation {unknown}
 o - a scroll of identify {unknown}
 t - a scroll of amnesia {unknown}
 v - a scroll of poison {unknown}
Potions
 i - a potion of heal wounds
 q - 3 potions of degeneration {unknown}
 r - a potion of ambrosia {unknown}
 u - 2 potions of might {unknown}
 w - a potion of invisibility {unknown}
 z - a potion of attraction {unknown}
 A - a potion of magic {unknown}
 B - a potion of flight {unknown}


   Skills:
 - Level 2.1 Fighting
 + Level 8.4 Long Blades
 - Level 2.0 Throwing
 - Level 4.0 Dodging


You had 5 spell levels left.
You didn't know any spells.
Your spell library contained the following spells:

 Spells                   Type           Power      Damage    Failure   Level
 Slow                     Hex            0%         N/A       52%         1
 Confusing Touch          Hex            0%         N/A       87%         3
 Vampiric Draining        Necr           0%         2d6       87%         3


Dungeon Overview and Level Annotations

Branches:
Dungeon (4/15)
 Temple: D:4-7

Altars:
Qazlal

Shops:
D:1 [


Innate Abilities, Weirdness & Mutations

((You are very nimble when in or above water. (Stealth+, EV+, Speed+++)))
Your lower body shifts to a powerful aquatic tail in water.


Message History

The iguana bites you!
An iguana is nearby!
You hit the iguana.
You kill the iguana!
You see here an iguana corpse.
You start resting.
Magic restored.
HP restored.
An ogre comes into view. It is wielding a +0 giant spiked club.
The ogre shouts!
The ogre moves out of view.
An ogre is nearby!
An ogre is nearby!
You barely miss the ogre. The ogre barely misses you.
You barely miss the ogre. You hit the ogre but do no damage.
The ogre is poisoned.
The ogre hits you with a +0 giant spiked club!!
Ouch! That really hurt!
You hit the ogre but do no damage.
The ogre looks as sick as possible!
The ogre is lightly wounded.
You hit the ogre.
The ogre looks as sick as possible!
The ogre is moderately wounded.
The ogre barely misses you.
You barely miss the ogre.
The ogre is moderately wounded.
You closely miss the ogre.
The ogre is moderately wounded.
The ogre barely misses you.
You hit the ogre but do no damage.
The ogre looks as sick as possible!
The ogre is moderately wounded.
You hit the ogre but do no damage.
The ogre is heavily wounded.
The ogre barely misses you.
You hit the ogre.
The ogre looks as sick as possible!
The ogre is heavily wounded.
You hit the ogre.
The ogre is heavily wounded.
The ogre hits you with a +0 giant spiked club!!
Ouch! That really hurt!
You die...

#.#####.# ##...###
#.#####.###.....#.
#.......##........
#....####.........
#.......+.<.......
#†...####.........
####.#.##
##........
##....####
##.....#.
##....@...#
##...###
#.....O...# ##+#
#..♣.♣.....#
..........##
.♣.....♣..#
....<.....#
#.......#..
#.....# .## #####
..


You could see an ogre (extremely poisoned).

Vanquished Creatures
  An ogre (D:4)
  An orc priest (D:3)
  An iguana (D:4)
  Jessica (D:2)
  2 orc wizards (D:3)
  2 adders
  A dart slug (D:1)
  6 orcs (D:3)
  5 endoplasms
  5 hobgoblins
  7 jackals
  3 quokkas
  6 ball pythons
  4 bats
  2 frilled lizards
  5 goblins
  4 kobolds
  3 rats (D:2)
59 creatures vanquished.

Notes
Turn   | Place    | Note
-------+----------+-------------------------------------------
     0 | D:1      | ragingrage the Merfolk Gladiator began the quest for the
                  | Orb.
     0 | D:1      | Reached XP level 1. HP: 16/16 MP: 1/1
    48 | D:1      | Found Riocvuut's Armour Boutique.
    88 | D:1      | Found a faded altar of an unknown god.
    98 | D:1      | Reached skill level 4 in Long Blades
   112 | D:1      | Reached XP level 2. HP: 2/22 MP: 2/2
   911 | D:1      | Reached XP level 3. HP: 15/27 MP: 1/3
   916 | D:1      | Reached skill level 5 in Long Blades
  1628 | D:2      | Noticed Jessica
  1633 | D:2      | Killed Jessica
  1634 | D:2      | Reached skill level 6 in Long Blades
  1634 | D:2      | Reached XP level 4. HP: 33/33 MP: 4/4
  2200 | D:3      | Found a stormy altar of Qazlal.
  2484 | D:3      | Reached XP level 5. HP: 38/38 MP: 3/5
  2570 | D:3      | Reached skill level 7 in Long Blades
  3386 | D:4      | Noticed an ogre
  3393 | D:4      | Killed an ogre
  3394 | D:4      | Reached skill level 8 in Long Blades
  3394 | D:4      | Reached XP level 6. HP: 44/44 MP: 6/6
  3585 | D:4      | Mangled by an ogre

Illustrated notes

Levels and vault maps discovered:
D:1:      onia_arrival_pyramid, layout_rooms, hellmonk_ecumenical_altar_run_dry,
          serial_shops, nicolae_shop_hallway_plus
D:2:      layout_basic, minmay_misc_feat_cross, uniq_jessica
D:3:      layout_basic, mainiacjoe_overflow_concentric_impassable
D:4:      layout_loops_corners, cheibriados_altar_1, grunt_ministairs_9,
          minmay_hedge_maze

Skill      XL: |  1  2  3  4  5 |
---------------+----------------+-----
Long Blades    | 4 6 8 |  8.4
Fighting       | |  2.1
Throwing       | |  2.0
Dodging        | |  4.0

Action                   |  1- 3 |  4- 6 || total
-------------------------+-------+-------++-------
Melee: Dagger            |    95 |   110 ||   205
       Long sword        |     1 |       ||     1
       Unarmed           |     1 |     1 ||     2
Throw: Throwing net      |       |     1 ||     1
  Use: Potion            |       |     2 ||     2
       Scroll            |       |     2 ||     2
 Stab: Sleeping          |     2 |       ||     2
       Held in net/web   |       |     2 ||     2
Armor: Leather armour    |    36 |    21 ||    57
Dodge: Dodged            |    74 |    66 ||   140

Table legend: (Time is in decaauts)
 A = Elapsed time spent in this place.
 B = Non-inter-level travel time spent in this place.
 C = Inter-level travel time spent in this place.
 D = Time resting spent in this place.
 E = Time spent auto-exploring this place.
 F = Levels seen in this place.
 G = Mean time per level.
                   A        B        C        D        E       F      G
               +--------+--------+--------+--------+--------+-----+--------+
         Total |   3560 |   3395 |    165 |    721 |   2167 |   4 |  890.0 |
       Dungeon |   3560 |   3395 |    165 |    721 |   2167 |   4 |  890.0 |
               +--------+--------+--------+--------+--------+-----+--------+

Top non-repeatable levels by time:
     D:2: 1352 daAuts
     D:1: 1112 daAuts
     D:3: 836 daAuts
     D:4: 258 daAuts
